 Dungeon Sprint DCSS version 0.29.1 (webtiles) character file.

Game seed: 7183527216683948624

156 Daxter95 the Protected (level 5, -3/52 HPs)
             Began as a Minotaur Fighter on Sept 13, 2022.
             Was an Initiate of Trog.
             Slain by a jumping spider (8 damage)
             ... in the Dungeon (Sprint V: "Ziggurat Sprint").
             The game lasted 00:04:02 (245 turns).

Daxter95 the Protected (Minotaur Fighter)            Turns: 245, Time: 00:04:04

Health: -3/52      AC: 28    Str: 22    XL:     5   Next: 14%
Magic:  4/4        EV:  7    Int:  5    God:    Trog [......]
Gold:   0          SH:  0    Dex: 10    Spells: 4/4 levels left

rFire   + + .      SeeInvis .   H - +7 great mace "Firestarter" {inner flame, rF++}
rCold   . . .      Faith    .   (shield currently unavailable)
rNeg    . . .      Spirit   .   F - +15 Maxwell's patent armour {-Cast -Tele rElec Will+ rCorr}
rPois   .          Reflect  .   (helmet restricted)
rElec   +          Harm     .   (no cloak)
rCorr   +          Rampage  .   (no gloves)
Will    +....      NoTele   +   (no boots)
Stlth   .......... NoCast   +   (no amulet)
HPRegen 0.17/turn               (no ring)
MPRegen 0.09/turn               (no ring)

@: no status effects
A: horns 2, retaliatory headbutt
a: Renounce Religion


You were in the Dungeon.
You worshipped Trog.
Trog was noncommittal.
You visited 1 branch

Inventory:

Hand Weapons
 a - a +0 flail
 G - the +11 plutonium sword {Contam Stlth-}
   (You found it in the Dungeon)

   It occasionally inflicts wild transmutation effects on those it strikes,
   inflicting malmutation or extra damage, or polymorphing them into a new form.
   Contam:    It causes magical contamination when unequipped.
   Stlth:     It makes you less stealthy.
 H - the +7 great mace "Firestarter" (weapon) {inner flame, rF++}
   (You found it in the Dungeon)

   It burns those it strikes, dealing additional fire damage.
   It fills those it strikes with an explosive inner flame.
   It grants immunity to clouds of flame.
   rF:        It greatly protects you from fire.
Armour
 b - a +0 scale mail
 c - a +0 buckler
 k - +5 gold dragon scales
 l - a +3 kite shield
 E - the +18 shield of the Gong {rElec rN+ Will+ EV-5}
   (You found it in the Dungeon)

   It is deafeningly noisy when blocking attacks.
   EV:        It affects your evasion (-5).
   rElec:     It insulates you from electricity.
   rN:        It protects you from negative energy.
   Will:      It increases your willpower.
 F - the +15 Maxwell's patent armour (worn) {-Cast -Tele rElec Will+ rCorr}
   (You found it in the Dungeon)

   rElec:     It insulates you from electricity.
   -Cast:     It prevents spellcasting.
   -Tele:     It prevents most forms of teleportation.
   rCorr:     It protects you from acid and corrosion.
   Will:      It increases your willpower.
Jewellery
 m - a ring of flight
 n - a +6 ring of dexterity
 o - a +6 ring of dexterity
 p - a +6 ring of intelligence
 q - a +6 ring of intelligence
 r - a +6 ring of strength
 s - a +6 ring of strength
Wands
 y - a wand of mindburst (7)
 C - a wand of acid (7)
Scrolls
 j - 4 scrolls of blinking
 t - 4 scrolls of amnesia
 u - 7 scrolls of butterflies
 v - 5 scrolls of identify
 w - 2 scrolls of fear
Potions
 d - 6 potions of might
 e - 10 potions of curing
 f - 9 potions of heal wounds
 g - 6 potions of haste
 h - 7 potions of magic
 i - 3 potions of berserk rage
 x - 2 potions of brilliance
 z - 2 potions of invisibility
 A - 4 potions of resistance
 B - a potion of experience
Miscellaneous
 D - a lightning rod (4/4)


   Skills:
 + Level 7.5 Fighting
 + Level 4.7 Maces & Flails
 + Level 8.1 Armour
 + Level 7.4 Shields


You had 4 spell levels left.
You didn't know any spells.
Your spell library was empty.

Dungeon Overview and Level Annotations

Branches:
Dungeon (1/1)

Altars:
Ashenzari
Cheibriados
Dithmenos
Elyvilon
Fedhas
Gozag
Hepliaklqana
Kikubaaqudgha
Makhleb
Nemelex Xobeh
Okawaru
Qazlal
Ru
Sif Muna
Trog
Uskayaw
Vehumet
Wu Jian
Xom
Yredelemnul
Zin
The Shining One
Jiyva
Lugonu

Annotations:
D 1 transporter


Innate Abilities, Weirdness & Mutations

You have a pair of horns on your head.
You reflexively headbutt those who attack you in melee.


Message History

The jumping spider bites you but does no damage.
You barely miss the jumping spider. You headbutt the jumping spider.
The jumping spider is lightly wounded.
The jumping spider leaps!
The jumping spider pounces on you but does no damage.
The jumping spider bites you but does no damage.
You hit the jumping spider. You burn the jumping spider.
The jumping spider is filled with an inner flame.
The jumping spider is moderately wounded.
The jumping spider pounces on you but does no damage.
The jumping spider bites you but does no damage.
The jumping spider pounces on you but does no damage.
The jumping spider bites you but does no damage.
You miss the jumping spider.
The jumping spider is moderately wounded.
The jumping spider's inner flame fades away.
The jumping spider pounces on you but does no damage.
The jumping spider barely misses you. The jumping spider pounces on you!
* * * LOW HITPOINT WARNING * * *
You are caught in a web!
The jumping spider barely misses you.
The jumping spider leaps!
The web tears apart.
The jumping spider pounces on you but does no damage.
The jumping spider bites you but does no damage.
The jumping spider pounces on you.
* * * LOW HITPOINT WARNING * * *
You are caught in a web!
The jumping spider closely misses you.
There is a web here.
The web tears apart.
The jumping spider pounces on you but does no damage.
The jumping spider bites you.
* * * LOW HITPOINT WARNING * * *
You closely miss the jumping spider.
The jumping spider is moderately wounded.
The jumping spider barely misses you. You furiously retaliate!
You headbutt the jumping spider, but do no damage.
The jumping spider bites you.
* * * LOW HITPOINT WARNING * * *
The jumping spider pounces on you!
You die...

▓▓▓▓▓▓▓
▓.8©8.▓
▓.....▓
▓.!.=.▓
▓..@..▓
▓..s..▓
▓..©..▓
▓▓▓▓▓▓▓


You could see a jumping spider.

Vanquished Creatures
  A jumping spider (D)
1 creature vanquished.

Notes
Turn   | Place    | Note
-------+----------+-------------------------------------------
     0 | D        | Daxter95 the Minotaur Fighter began the quest for the Orb.
     0 | D        | Reached XP level 1. HP: 19/19 MP: 0/0
     6 | D        | Found a blossoming altar of Fedhas.
     6 | D        | Found the +6 Majin-Bo {vamp, MP+6 Int+6}
     6 | D        | Found the +9 heavy crossbow "Sniper" {vorpal, Acc+∞ SInv}
     6 | D        | Found the +10 dark maul {vorpal}
     6 | D        | Found the +15 Maxwell's patent armour {-Cast -Tele rElec
                  | Will+ rCorr}
     6 | D        | Found the +18 shield of the Gong {rElec rN+ Will+ EV-5}
     6 | D        | Found the +14 obsidian axe {vorpal, Mesm Drain Fly SInv}
     6 | D        | Found the +7 great mace "Firestarter" {inner flame, rF++}
     6 | D        | Found the +6 shillelagh "Devastator" {shatter}
     6 | D        | Found the +11 plutonium sword {Contam Stlth-}
     6 | D        | Found the +8 lance "Wyrmbane" {slay drac, rPois rF+ rC+
                  | AC+3}
     6 | D        | Found the +9 sword of Zonguldrok {reap}
     6 | D        | Found the +13 scythe of Curses {drain, Drain}
     6 | D        | Found the +5 sword of Power {vorpal}
     6 | D        | Found the +7 mace of Variability {chain chaos}
     6 | D        | Found the +7 Singing Sword {vorpal, sonic wave}
     6 | D        | Found the +8 storm bow {elec, penet}
    11 | D        | Found a viscous altar of Jiyva.
    11 | D        | Found a hazy altar of Hepliaklqana.
    11 | D        | Found a transporter.
    11 | D        | Found an opulent altar of Gozag.
    11 | D        | Found an ancient bone altar of Kikubaaqudgha.
    11 | D        | Found a corrupted altar of Lugonu.
    17 | D        | Found a burning altar of Makhleb.
    18 | D        | Found a stormy altar of Qazlal.
    18 | D        | Found a sacrificial altar of Ru.
    18 | D        | Found an iron altar of Okawaru.
    18 | D        | Found a shimmering blue altar of Sif Muna.
    18 | D        | Found a sparkling altar of Nemelex Xobeh.
    18 | D        | Found a bloodstained altar of Trog.
   212 | D        | Became a worshipper of Trog the Wrathful
   231 | D        | Entered arena 2.
   231 | D        | Noticed a jumping spider
   231 | D        | Noticed a jumping spider
   231 | D        | Found a transporter.
   234 | D        | Killed a jumping spider
   235 | D        | Reached skill level 8 in Armour
   235 | D        | Reached XP level 2. HP: 18/34 MP: 1/1
   235 | D        | Reached XP level 3. HP: 20/39 MP: 2/2
   235 | D        | Reached XP level 4. HP: 25/47 MP: 3/3
   235 | D        | Reached XP level 5. HP: 27/52 MP: 4/4
   245 | D        | Slain by a jumping spider

Illustrated notes

Levels and vault maps discovered:
D:        sprint_v [room_start, room_1, room_2, room_3, room_4, room_5, room_6,
          room_7, room_8, room_9, room_10, room_11, room_12, room_13, room_14,
          room_15, room_16, room_17, room_18, room_19, room_20, room_21,
          room_22, room_23, room_24, room_25, room_26, room_27]

Skill      XL: |  1 |
---------------+----+-----
Fighting       | 7 |  7.5
Maces & Flails | 4 |  4.7
Armour         | 8 |  8.1
Shields        | 7 |  7.4

Action                   |  1- 3 |  4- 6 || total
-------------------------+-------+-------++-------
Melee: Great mace        |     2 |     5 ||     7
       Headbutt          |     1 |     1 ||     2
  Use: Potion            |       |     1 ||     1
Armor: Plate armour      |     5 |    16 ||    21
Dodge: Dodged            |     2 |     6 ||     8
